 Dungeon Crawl Stone Soup version 0.27-a0-1046-g98bf31544f (webtiles) character file.

Game seed: 16897082777024467909

31 sizableburger the Skirmisher (level 3, -2/29 HPs)
             Began as a Mummy Abyssal Knight on Apr 19, 2021.
             Was a Follower of Lugonu.
             Slain by Natasha (8 damage)
             ... on level 2 of the Dungeon.
             The game lasted 00:05:08 (1847 turns).

sizableburger the Skirmisher (Mummy Abyssal Knight) Turns: 1847, Time: 00:05:09

Health: -2/29      AC:  3    Str: 15    XL:     3   Next: 7%
Magic:  4/4        EV: 11    Int: 12    God:    Lugonu [*.....]
Gold:   87         SH:  0    Dex: 11    Spells: 2/2 levels left

rFire    x . .     SeeInvis .   a - +1 mace
rCold    + . .     Faith    .   (no shield)
rNeg     + + +     Spirit   .   b - +0 leather armour
rPois    ∞         Reflect  .   (no helmet)
rElec    .         Harm     .   (no cloak)
rCorr    .         Rampage  .   (no gloves)
Will     .....                  (no boots)
Stlth    +.........             (no amulet)
HPRegen  0.09/turn              (no ring)
MPRegen  0.09/turn              (no ring)

@: slowed, very slow
A: cold resistance 1, negative energy resistance 3, torment resistance 2,
unbreathing 1, heat vulnerability 1, no potions
a: Renounce Religion, Depart the Abyss


You were on level 2 of the Dungeon.
You worshipped Lugonu.
Lugonu was aware of your devotion.
You visited 1 branch of the dungeon, and saw 2 of its levels.
You visited the Abyss 1 time.

You collected 87 gold pieces.

Inventory:

Hand Weapons
 a - a +1 mace (weapon)
Armour
 b - a +0 leather armour (worn)
Jewellery
 c - a ring of protection from fire


   Skills:
 - Level 3.3 Fighting
 + Level 2.3 Maces & Flails
 - Level 1.5 Armour
 - Level 1.3 Dodging
 - Level 1.5 Invocations


You had 2 spell levels left.
You didn't know any spells.
Your spell library contained the following spells:

 Spells                   Type           Power      Damage    Failure   Level
 Animate Skeleton         Necr           0%         N/A       38%         1
 Apportation              Tloc           0%         N/A       38%         1
 Corona                   Hex            0%         N/A       38%         1
 Summon Small Mammal      Summ           0%         N/A       38%         1
 Ensorcelled Hibernation  Hex/Ice        0%         N/A       52%         2
 Confusing Touch          Hex            0%         N/A       77%         3
 Dazzling Flash           Conj/Hex       0%         N/A       77%         3
 Tukima's Dance           Hex            0%         N/A       77%         3


Dungeon Overview and Level Annotations

Branches:
Dungeon (2/15)

Altars:

Annotations:
D:2 Jessica, Natasha


Innate Abilities, Weirdness & Mutations

You are immune to poison.
Your flesh is cold resistant. (rC+)
You are immune to negative energy. (rN+++)
You are immune to unholy pain and torment.
You can survive without breathing.
You are vulnerable to heat. (rF-)
You do not drink.


Message History

There is a stone staircase leading up here.
You aren't in the Abyss!
You now have 87 gold pieces (gained 11).
Found a faded altar of an unknown god.
Found an orange potion.
Found a fizzy orange potion.
You see here an orange potion.
Found a ring mail.
You see here a fizzy orange potion.
Okay, then.
You see here a +0 ring mail.
Natasha, Servant of Life and Death comes into view.
Natasha hisses angrily.
Natasha stares at you and mumbles some strange words.
You resist with some effort.
You start waiting.
Natasha is nearby!
Natasha casts a spell at you. The magic dart hits you.
You hit Natasha but do no damage. Natasha claws you but does no damage.
You sock Natasha!
Natasha is severely wounded.
Natasha claws you! Natasha closely misses you.
You closely miss Natasha.
Natasha is severely wounded.
Natasha claws you!
You are too injured to fight recklessly!
You are too injured to fight recklessly!
You hit Natasha.
Natasha is almost dead.
Natasha closely misses you.
You hit Natasha.
Natasha is almost dead.
Natasha claws you.
* * * LOW HITPOINT WARNING * * *
You hit Natasha.
Natasha is almost dead.
Natasha casts a spell at you.
You feel yourself slow down. Natasha claws you!
You die...

.......#
#####.########
).S@ ......##
#...........h.
... .......^8
#.h# ..
######### ##.#
# #.## # #..#
#### ##.# ...'
####h## .###
#..@..# #
#...[.# #
#.....## #
#......#
#....#.##
#....#..#
#....##.#
#######!##
#..# .


You could see Natasha.

Vanquished Creatures
  An adder (D:2)
  A dart slug (D:1)
  2 bats (D:1)
  An endoplasm (D:1)
  2 hobgoblins
  2 quokkas
  2 ball pythons
  2 frilled lizards
  3 goblins
  2 kobolds (D:1)
  2 rats (D:1)
20 creatures vanquished.

Notes
Turn   | Place    | Note
-------+----------+-------------------------------------------
     0 | Abyss:1  | sizableburger the Mummy Abyssal Knight began the quest for
                  | the Orb.
     0 | Abyss:1  | Reached XP level 1. HP: 18/18 MP: 2/2
    34 | D:1      | Escaped the Abyss
   224 | D:1      | Reached skill level 1 in Dodging
   482 | D:1      | Reached XP level 2. HP: 24/24 MP: 3/3
   482 | D:1      | You fall into a shaft and drop 1 floor!
  1177 | D:2      | Reached XP level 3. HP: 11/29 MP: 4/4
  1420 | D:2      | Noticed Jessica
  1794 | D:2      | Found a faded altar of an unknown god.
  1831 | D:2      | Noticed Natasha
  1847 | D:2      | Slain by Natasha

Illustrated notes

Levels and vault maps discovered:
D:1:      ebering_trefoil_twist, layout_basic
D:2:      layout_basic, basic_ecumenical_altar, basic_altar,
          ebering_dispersal_statue_hall, uniq_natasha, uniq_jessica

Skill      XL: |  1  2 |
---------------+-------+-----
Dodging        | 1 |  1.3
Maces & Flails | 2 |  2.3
Fighting       | |  3.3
Armour         | |  1.5
Invocations    | |  1.5

Action                   || total
-------------------------++-------
Melee: Mace              ||    70
  Use: Scroll            ||     5
 Stab: Sleeping          ||     1
Armor: Leather armour    ||    21
Dodge: Dodged            ||    47

Table legend: (Time is in decaauts)
 A = Elapsed time spent in this place.
 B = Non-inter-level travel time spent in this place.
 C = Inter-level travel time spent in this place.
 D = Time resting spent in this place.
 E = Time spent auto-exploring this place.
 F = Levels seen in this place.
 G = Mean time per level.
                   A        B        C        D        E       F      G
               +--------+--------+--------+--------+--------+-----+--------+
         Total |   1878 |   1581 |    297 |    842 |    390 |   3 |  626.0 |
       Dungeon |   1844 |   1547 |    297 |    842 |    362 |   2 |  922.0 |
         Abyss |     34 |     34 |      0 |      0 |     28 |   1 |   34.0 |
               +--------+--------+--------+--------+--------+-----+--------+

Top non-repeatable levels by time:
     D:1: 1386 daAuts
     D:2: 457 daAuts
 Abyss:1: 34 daAuts
